 Dungeon Crawl Stone Soup version 0.27-a0-1416-g941b2bd30b (webtiles) character file.

Game seed: 5557805801092191569

476 wirefist the Cudgeller (level 6, -3/56 HPs)
             Began as a Minotaur Berserker on July 1, 2021.
             Was a Priest of Trog.
             Slain by an ogre (24 damage)
             ... on level 4 of the Dungeon.
             The game lasted 00:11:25 (4009 turns).

wirefist the Cudgeller (Minotaur Berserker)         Turns: 4009, Time: 00:11:26

Health: -3/56      AC:  4    Str: 23    XL:     6   Next: 85%
Magic:  0/5        EV: 14    Int:  6    God:    Trog [***...]
Gold:   117        SH:  8    Dex: 13    Spells: 5/5 levels left

rFire    + + .     SeeInvis .   a - +0 mace
rCold    . . .     Faith    .   w - +0 kite shield
rNeg     . . .     Spirit   +   v - +1 leather armour of the Slightly Bent {rF+ Will- Int+2 Dex+3}
rPois    .         Reflect  .   (helmet restricted)
rElec    .         Harm     .   (no cloak)
rCorr    .         Rampage  .   (no gloves)
Will     .....                  (no boots)
Stlth    +.........             j - amulet of guardian spirit
HPRegen  0.18/turn              d - +4 ring of evasion
MPRegen  0.09/turn              g - ring of protection from fire

@: no status effects
A: horns 2, retaliatory headbutt
a: Renounce Religion, Berserk, Trog's Hand


You were on level 4 of the Dungeon.
You worshipped Trog.
Trog was most pleased with you.
You visited 1 branch of the dungeon, and saw 4 of its levels.

You collected 117 gold pieces.

Inventory:

Hand Weapons
 a - a +0 mace (weapon)
 m - a +0 mace
 x - a +2 hunting sling of freezing
Missiles
 q - 11 poisoned darts (quivered)
 r - 64 stones
 u - 5 boomerangs
Armour
 b - a +0 animal skin
 s - a +0 leather armour
 v - the +1 leather armour of the Slightly Bent (worn) {rF+ Will- Int+2 Dex+3}
   (You took it off an orc on level 4 of the Dungeon)

   Int:       It affects your intelligence (+2).
   Dex:       It affects your dexterity (+3).
   rF:        It protects you from fire.
   Will:      It decreases your willpower.
 w - a +0 kite shield (worn)
Jewellery
 d - a +4 ring of evasion (left hand)
 g - a ring of protection from fire (right hand)
 j - an amulet of guardian spirit (around neck)
Scrolls
 c - 8 scrolls of identify {unknown}
 f - a scroll of fog {unknown}
 h - a scroll of immolation {unknown}
 i - 2 scrolls of teleportation {unknown}
 k - a scroll of noise {unknown}
 y - a scroll of enchant armour {unknown}
Potions
 e - a potion of magic {unknown}
 l - a potion of degeneration {unknown}
 n - a potion of curing {unknown}
 o - a potion of lignification {unknown}
 p - a potion of haste {unknown}
 t - 2 potions of attraction {unknown}


   Skills:
 + Level 5.3 Fighting
 + Level 5.3 Maces & Flails
 + Level 2.1 Throwing
 + Level 4.6 Armour
 + Level 4.1 Dodging
 + Level 1.1 Shields


You had 5 spell levels left.
You didn't know any spells.
Your spell library contained the following spells:

 Spells                   Type           Power      Damage    Failure   Level
 Foxfire                  Conj/Fire      0%         2x1d4     98%         1
 Freeze                   Ice            0%         1d3       98%         1
 Magic Dart               Conj           0%         1d3       98%         1
 Slow                     Hex            0%         N/A       99%         2
 Confusing Touch          Hex            0%         N/A       100%        3
 Ozocubu's Armour         Ice            0%         N/A       100%        3
 Hailstorm                Conj/Ice       0%         3d3       100%        4
 Yara's Violent Unravell  Hex/Tmut       0%         3d3       100%        5
 Simulacrum               Ice/Necr       0%         N/A       100%        6
 Ozocubu's Refrigeration  Ice            0%         4d5       100%        7
 Polar Vortex             Ice            0%         N/A       100%        9


Dungeon Overview and Level Annotations

Branches:
Dungeon (4/15)
 Temple: D:4-7

Altars:


Innate Abilities, Weirdness & Mutations

You have a pair of horns on your head.
You reflexively headbutt those who attack you in melee.


Message History

You block the gnoll shaman's attack.
The gnoll shaman hits you with a +0 whip!
You barely miss the gnoll shaman. You headbutt the gnoll shaman!
The gnoll shaman is heavily wounded.
The gnoll shaman hits you with a +0 whip.
You hit the gnoll shaman.
The gnoll shaman is severely wounded.
You block the gnoll shaman's attack.
The gnoll shaman hits you with a +0 whip!
You closely miss the gnoll shaman.
The gnoll shaman is severely wounded.
The gnoll shaman barely misses you.
You sock the gnoll shaman!
You kill the gnoll shaman!
Trog accepts your kill.
The kobold throws a stone.
You block the stone. The kobold hits you but does no damage.
An ogre comes into view. It is wielding a +0 giant spiked club.
Things that are here:
a +0 whip; a +0 robe You sock the kobold!
You kill the kobold!
Trog accepts your kill. The ogre closely misses you. You furiously retaliate!
You headbutt the ogre!
Things that are here:
a +0 whip; a +0 robe You hit the ogre.
The ogre is moderately wounded.
You block the ogre's attack.
You hit the ogre. Your headbutt misses the ogre.
The ogre is heavily wounded.
The ogre hits you with a +0 giant spiked club!!
Ouch! That really hurt!
* * * LOW HITPOINT WARNING * * *
There is an open door here.
Things that are here:
a +0 flail; a +0 halberd of flaming; a gnoll skeleton You see here a +0 whip.
The ogre hits you with a +0 giant spiked club!!
You die...

#######....................#
#...|..#############.#
#..........# #.#
#......###.# #<# ####
#.#...## #.# #.#
...####....## #.# #.#
##.<........# #.# #.#
#..###..##.# #.# #.# ##..#
#..##.# #@### #.# ....#
#..##.# #.O÷# #.# ##.##
#..##.# ###.# #>#
##################.#
..###...#..#..#[##.##
....###...##.##.#...#
......###.)..#..##..#
'#......###....###..#
.###......###...##..######.


You could see an ogre.

Vanquished Creatures
  Eustachio (D:4)
  A howler monkey (D:4)
  A hound (D:4)
  A gnoll shaman (D:4)
  2 iguanas (D:4)
  A hound skeleton (D:4)
  4 gnolls
  5 adders
  A white imp (D:4)
  2 adder skeletons (D:4)
  A worm (D:2)
  A dart slug (D:1)
  3 orcs
  4 endoplasms
  4 giant cockroaches
  8 goblins
  6 hobgoblins
  11 kobolds
  2 quokkas
  4 ball pythons
  8 bats
  3 frilled lizards
  7 rats
81 creatures vanquished.

Notes
Turn   | Place    | Note
-------+----------+-------------------------------------------
     0 | D:1      | wirefist the Minotaur Berserker began the quest for the
                  | Orb.
     0 | D:1      | Reached XP level 1. HP: 19/19 MP: 0/0
   397 | D:1      | Reached XP level 2. HP: 27/27 MP: 1/1
   423 | D:1      | Found a faded altar of an unknown god.
   738 | D:1      | Reached ** piety under Trog
   903 | D:1      | Reached XP level 3. HP: 29/33 MP: 2/2
  1216 | D:2      | Reached XP level 4. HP: 40/40 MP: 3/3
  2092 | D:3      | Got the Grimoire of the Snowflakes
  3006 | D:4      | Reached *** piety under Trog
  3007 | D:4      | Reached XP level 5. HP: 36/47 MP: 2/4
  3021 | D:4      | Reached skill level 1 in Throwing
  3284 | D:4      | Identified the +1 leather armour of the Slightly Bent {rF+
                  | Will- Int+2 Dex+3}
  3301 | D:4      | Noticed Eustachio
  3338 | D:4      | Killed Eustachio
  3339 | D:4      | Reached skill level 5 in Fighting
  3339 | D:4      | Reached skill level 5 in Maces & Flails
  3339 | D:4      | Reached XP level 6. HP: 47/56 MP: 3/5
  3487 | D:4      | Got the Collected Works on Scorching Combat Magic
  3932 | D:4      | Reached skill level 1 in Shields
  4009 | D:4      | Slain by an ogre

Illustrated notes

Levels and vault maps discovered:
D:1:      dpeg_arrival_fog, layout_loops_ring,
          dilly_ecumenical_altar_fadedgnrine
D:2:      layout_basic, moated_statue
D:3:      layout_basic, hangedman_feature_mirror, minivault_5,
          interstate_on_off, item_on_display_a
D:4:      minmay_razor_zed, layout_loops_ring, kennysheep_generic_room_4,
          uniq_eustachio

Skill      XL: |  1  2  3  4  5  6 |
---------------+-------------------+-----
Maces & Flails | 4 5 |  5.3
Fighting       | 4 5 |  5.3
Armour         | 3 4 |  4.6
Dodging        | 3 4 |  4.1
Throwing       | 1 2 |  2.1
Shields        | 1 |  1.1

Action                   |  1- 3 |  4- 6 || total
-------------------------+-------+-------++-------
Melee: Mace              |    67 |   105 ||   172
       Headbutt          |     8 |    24 ||    32
Invok: Berserk           |       |     1 ||     1
 Stab: Sleeping          |     3 |     2 ||     5
Armor: Animal skin       |    18 |     1 ||    19
       Leather armour    |       |     7 ||     7
Dodge: Dodged            |    53 |    91 ||   144
Block: Kite shield       |       |    15 ||    15

Table legend: (Time is in decaauts)
 A = Elapsed time spent in this place.
 B = Non-inter-level travel time spent in this place.
 C = Inter-level travel time spent in this place.
 D = Time resting spent in this place.
 E = Time spent auto-exploring this place.
 F = Levels seen in this place.
 G = Mean time per level.
                   A        B        C        D        E       F      G
               +--------+--------+--------+--------+--------+-----+--------+
         Total |   4059 |   4020 |     39 |    752 |   2251 |   4 | 1014.8 |
       Dungeon |   4059 |   4020 |     39 |    752 |   2251 |   4 | 1014.8 |
               +--------+--------+--------+--------+--------+-----+--------+

Top non-repeatable levels by time:
     D:1: 1147 daAuts
     D:4: 1140 daAuts
     D:3: 1029 daAuts
     D:2: 741 daAuts
